 Dungeon Crawl Stone Soup version 0.31-a0-640-g39d97e502b (webtiles) character file.

Game seed: 8346293094242875976

98 qw the Shooter (level 4, 0/28 HPs)
             Began as a Gargoyle Hunter on Aug 27, 2023.
             Slain by a rat (1 damage)
             ... on level 3 of the Dungeon.
             The game lasted 00:00:38 (1428 turns).

qw the Shooter (Gargoyle Hunter)                    Turns: 1428, Time: 00:00:39

Health: 0/28       AC:  8    Str: 14    XL:     4   Next: 71%
Magic:  4/4        EV: 12    Int: 10    God:
Gold:   86         SH:  0    Dex: 15    Spells: 3/3 levels left

rFire   . . .        Y - +0 shortbow
rCold   . . .        (shield currently unavailable)
rNeg    + . .        f - +0 robe {Will+}
rPois   inf          k - +2 helmet
rElec   +            (no cloak)
rCorr   .            (no gloves)
SInv    .            (no boots)
Will    +....        (no amulet)
Stlth   +            (no ring)
HPRegen 0.24/turn    (no ring)
MPRegen 0.09/turn

%: no passive effects
@: confused
A: sickness immunity, AC +3, negative energy resistance 1, electricity
resistance, torment resistance 1, petrification resistance
a: no special abilities


You were on level 3 of the Dungeon.
You visited 1 branch of the dungeon, and saw 3 of its levels.

You collected 86 gold pieces.


Innate Abilities, Weirdness & Mutations

You are immune to sickness and miasma.
Your stone body is resilient. (AC +3)
You are immune to poison.
You resist negative energy. (rN+)
You are resistant to electric shocks. (rElec)
You are resistant to unholy torment.
You are immune to petrification.


   Skills:
 - Level 3.4 Fighting
 + Level 5.3 Ranged Weapons
 - Level 1.5 Dodging
 - Level 1.1 Stealth


You had 3 spell levels left.
You didn't know any spells.
Your spell library was empty.

Inventory:

Hand Weapons
 Y - a +0 shortbow (weapon)
Armour
 f - a +0 robe of willpower (worn)
 i - a +0 ring mail
 k - a +2 helmet (worn)
Jewellery
 j - a ring of fire
Scrolls
 a - 2 scrolls of identify
 b - a scroll of amnesia {unknown}
Potions
 e - a potion of curing
 h - a potion of attraction {unknown}

Dungeon Overview and Level Annotations

Branches:
Dungeon (3/15)

Altars:


Message History

A magic dart appears from out of thin air!
The magic dart hits you. The orc closely misses you.
You shoot an arrow. The arrow hits the orc.
The orc is moderately wounded.
Something hits you but does no damage.
The orc priest looks satisfied for a moment.
The orc closely misses you. The orc hits you with a +0 dagger.
You shoot an arrow. The arrow hits the orc.
You kill the orc!
You hear some strange, mumbled words.
A puff of flame appears from out of thin air!
The puff of flame hits you! The orc closely misses you.
You shoot an arrow.
The arrow closely misses the orc priest.
Something barely misses you. The orc priest closely misses you.
The orc hits you with a +0 dagger. The rat barely misses you.
The rat closely misses you. Something hits you but does no damage.
The orc hits you but does no damage. The orc priest misses you.
You shoot an arrow. The arrow barely misses the orc priest.
Something hits you.
The orc priest hits you but does no damage.
The rat bites you but does no damage. The orc hits you but does no damage.
You shoot an arrow. The arrow hits the orc priest.
The orc priest is lightly wounded.
The rat bites you. Something hits you. The orc priest closely misses you.
The orc hits you but does no damage.
You shoot an arrow.
The arrow hits the orc priest but does no damage.
The orc priest is lightly wounded.
You hear some strange, mumbled words.
Something tries to affect you, but you resist.
The orc priest hits you but does no damage.
The rat closely misses you. The orc hits you but does no damage.
You shoot an arrow. The arrow hits the orc priest.
The orc priest is moderately wounded.
You hear some strange, mumbled words.
You are confused.
The orc priest hits you but does no damage.
The rat bites you.
You die...

#.##. #....
####...
###......
....... ..
####....###.o..
.......)..oo..o
#..oo# #..{@#
#...r# ####.#
#.# #.# #.# #.#
#.# #.#


You could see an orc priest, an orc and a rat.

Vanquished Creatures
  Terence (D:2)
  2 adders (D:2)
  A worm (D:2)
  A dart slug (D:2)
  2 orcs (D:3)
  5 endoplasms
  2 giant cockroaches (D:1)
  6 goblins
  4 hobgoblins
  5 kobolds
  A quokka (D:2)
  7 ball pythons
  2 bats (D:1)
  A frilled lizard (D:1)
  5 rats
45 creatures vanquished.

Notes
Turn   | Place    | Note
-------+----------+-------------------------------------------
     0 | D:1      | qw the Gargoyle Hunter began the quest for the Orb.
     0 | D:1      | Reached XP level 1. HP: 12/12 MP: 1/1
     0 | D:1      | 0 ||| qw: Version: 0.3-a-74-g0d5e918
     0 | D:1      | 0 ||| qw: Game counter: 137
     0 | D:1      | 0 ||| qw: Melee chars always use a shield: true
     0 | D:1      | 0 ||| qw: God list: Okawaru
     0 | D:1      | 0 ||| qw: Allow faded altars: false
     0 | D:1      | 0 ||| qw: Do Orc after clearing Dungeon:15 true
     0 | D:1      | 0 ||| qw: Do second Lair branch before Depths: true
     0 | D:1      | 0 ||| qw: Lair rune preference: random
     0 | D:1      | 0 ||| qw: Goals: Normal
     0 | D:1      | 0 ||| PLANNING D:1-11
    63 | D:1      | Reached XP level 2. HP: 17/17 MP: 2/2
   546 | D:1      | 546 ||| READING 3 scrolls labelled ANLOIGIALIT.
   547 | D:1      | 547 ||| READING scroll labelled VOACRODULA.
   548 | D:1      | 548 ||| READING scroll labelled TOTUN NIYGI.
   549 | D:1      | 549 ||| READING 2 scrolls of identify.
   549 | D:1      | 549 ||| IDENTIFYING fizzy white potion
   550 | D:1      | 550 ||| DROPPING scroll of butterflies.
   570 | D:2      | Reached skill level 5 in Ranged Weapons
   570 | D:2      | Reached XP level 3. HP: 21/21 MP: 3/3
   600 | D:2      | 600 ||| DROPPING +1 heavy sling.
   816 | D:2      | Noticed Terence
   820 | D:2      | Killed Terence
   821 | D:2      | Reached skill level 3 in Fighting
   821 | D:2      | Reached XP level 4. HP: 28/28 MP: 4/4
  1218 | D:2      | 1218 ||| UPGRADING to +0 helmet.
  1223 | D:2      | 1223 ||| UPGRADING to +0 robe of willpower.
  1233 | D:2      | 1233 ||| DROPPING +0 leather armour.
  1234 | D:2      | 1234 ||| UPGRADING to +2 helmet.
  1244 | D:2      | 1244 ||| DROPPING +0 helmet.
  1245 | D:2      | 1245 ||| READING scroll labelled HAWIBEU ZIHOA.
  1248 | D:2      | 1248 ||| READING scroll labelled KIBOCI XIDIUSK.
  1249 | D:2      | 1249 ||| READING 2 scrolls of identify.
  1249 | D:2      | 1249 ||| IDENTIFYING sedimented green potion
  1250 | D:2      | 1250 ||| DROPPING potion of lignification.
  1406 | D:3      | 1406 ||| Stepping ~*~*~tactically~*~*~ (outnumbered).
  1408 | D:3      | 1408 ||| RETREATING.
  1411 | D:3      | 1411 ||| Stepping ~*~*~tactically~*~*~ (outnumbered).
  1423 | D:3      | HP: 5/28 [something/puff of flame (7)]
  1426 | D:3      | HP: 2/28 [rat (2)]
  1428 | D:3      | Slain by a rat

Levels and vault maps discovered:
D:1:      orjb1_lava_funnel, layout_basic, chequers_serial_rivers_marsh,
          kennysheep_small_spiral
D:2:      layout_loops_cross, uniq_terence
D:3:      cheibrodos_fertilizer, layout_basic, minivault_19, chequers_avenue,
          minmay_misc_feat_doors, minmay_rat_hole, uniq_grinder, uniq_ijyb,
          uniq_sigmund, uniq_robin

Skill      XL: |  1  2  3 |
---------------+----------+-----
Ranged Weapons | 5 |  5.3
Fighting       | 3 |  3.4
Dodging        | |  1.5
Stealth        | |  1.1

Action                     |  1- 3 |  4- 6 || total
---------------------------+-------+-------++-------
   Fire: Shortbow          |    92 |    57 ||   149
    Use: Scroll            |     4 |     3 ||     7
 Armour: Leather armour    |     8 |     4 ||    12
         Robe              |       |    14 ||    14
  Dodge: Dodged            |    14 |    25 ||    39

Table legend:
 A = Non-vault XP
 B = Vault XP
 C = Vault XP percentage of total XP
 D = Non-vault monster count
 E = Vault monster count
 F = Vault count percentage of total count
                 A         B        C        D         E       F
            +---------+---------+-------+---------+---------+-------
      Total |     105 |      36 |  25.5 |      44 |       1 |   2.2
            +---------+---------+-------+---------+---------+-------
        D:1 |      31 |       0 |   0.0 |      20 |       0 |   0.0
        D:2 |      66 |      36 |  35.3 |      21 |       1 |   4.5
        D:3 |       8 |       0 |   0.0 |       3 |       0 |   0.0
            +---------+---------+-------+---------+---------+-------
